AoeStats
← IamDragonFire

MegaRandom

509736578Analyzed
2v2 RM · 3d ago on Sep 27, 2026· 47m 4s· 4 players
Game mode
Random Map
Map size
Medium (4 player)
Population
200
Speed
Normal
Resources
Standard
Victory
Conquest
Starting age
Dark Age
Ending age
Imperial Age
RankedLock teamsTeams togetherTeam positionsShared explorationLock speedFull tech treeHidden civsTurbo modeCheats
Victory
Defeat
🇨🇭 Tupi · Switzerland
1565
+8
🇨🇭 Chinese · Switzerland
1199
+58
🇵🇱 Mongols · Poland
1422
-18
🇵🇱 Hindustanis · Poland
1293
-12
Dawidowww
4:58 Loom
9:23 Feudal Age
12:50 Loom
19:18 Castle Age
21:07 Fletching
23:29 Horse Collar
24:37 Heavy Plow
27:26 Bodkin Arrow
29:10 Wheelbarrow
28:58 Padded Archer Armor
30:02 Ballistics
31:04 Leather Archer Armor
31:28 Bloodlines
31:57 Husbandry
38:36 Imperial Age
37:52 Hand Cart
38:36 Scale Barding Armor
38:43 Forging
40:20 Chemistry
39:21 Bracer
39:42 Chain Barding Armor
39:46 Onager
42:06 Iron Casting
43:12 Siege Engineers
42:31 Light Cavalry
44:13 Blast Furnace
44:18 Hussar
ZawiszaCzarny
10:44 Feudal Age
17:11 Castle Age
15:14 Double-Bit Axe
16:49 Horse Collar
17:01 Loom
23:38 Fletching
24:09 Padded Archer Armor
24:27 Bodkin Arrow
27:51 Leather Archer Armor
29:19 Elite Skirmisher
31:56 Bow Saw
33:29 Wheelbarrow
32:40 Town Watch
34:19 Heavy Plow
36:32 Ballistics
39:41 Imperial Age
37:49 Hand Cart
41:30 Chemistry
40:35 Bracer
41:06 Ring Archer Armor
[BÜN] Swissblaze
11:52 Feudal Age
11:33 Loom
14:10 Horse Collar
15:32 Horse Collar
18:20 Castle Age
17:32 Double-Bit Axe
19:30 Fletching
20:43 Bodkin Arrow
21:11 Bow Saw
22:43 Wheelbarrow
25:42 Ballistics
26:55 Padded Archer Armor
31:25 Hand Cart
31:02 Town Watch
35:20 Imperial Age
33:09 Horse Collar
33:17 Champi Runner
33:57 Squires
34:35 Heavy Plow
34:33 Champi Warrior
35:47 Town Patrol
37:08 Chemistry
36:39 Bracer
36:54 Leather Archer Armor
37:06 Conscription
38:14 Elite Champi Warrior
40:06 Scale Mail Armor
40:16 Forging
40:13 Gold Mining
40:52 Caciques
42:04 Chain Mail Armor
42:24 Iron Casting
44:18 Plate Mail Armor
44:19 Ring Archer Armor
45:10 Arson
44:46 Elite Ibirapema Warrior
45:58 Treadmill Crane
46:14 Murder Holes
IamDragonFire
0:31 Loom
10:51 Feudal Age
12:34 Double-Bit Axe
16:34 Horse Collar
20:56 Castle Age
18:53 Fletching
20:04 Padded Archer Armor
22:18 Crossbowman
26:07 Leather Archer Armor
29:25 Bow Saw
29:20 Heavy Plow
30:32 Ballistics
30:30 Bodkin Arrow
32:09 Thumb Ring
33:09 Gold Mining
33:10 Stone Mining
35:20 Wheelbarrow
34:31 Town Watch
38:53 Imperial Age
37:23 Gold Shaft Mining
37:23 Stone Shaft Mining
38:04 Masonry
39:39 Bracer
40:10 Ring Archer Armor
40:46 Forging
40:41 Scale Barding Armor
41:14 Bloodlines
40:24 Light Cavalry
41:05 Husbandry
44:07 Chemistry
43:29 Chain Barding Armor
43:45 Iron Casting
46:21 Plate Barding Armor
46:46 Blast Furnace
Connection lost

Rejoining the realm…

Still unreachable

The connection could not be restored.

Session expired

The server has moved on; the page needs a fresh start.